 Dungeon Crawl Stone Soup version 0.31-a0-7-g51783674b7 (webtiles) character file.

Game seed: 6076579520035504832

212674 Jackthecabe the Warrior (level 18, -14/199 HPs)
             Began as a Black Draconian Transmuter on May 5, 2023.
             Was the Champion of Elyvilon.
             Killed from afar by a merfolk aquamancer (23 damage)
             ... with a shard of ice
             ... on level 4 of the Shoals.
             The game lasted 02:08:53 (44053 turns).

Jackthecabe the Warrior (DrTm)                     Turns: 44053, Time: 02:08:54

Health: -14/199    AC: 21    Str: 21    XL:     18   Next: 25%
Magic:  4/33       EV: 21    Int: 19    God:    Elyvilon [******]
Gold:   2343       SH:  0    Dex: 12    Spells: 4/31 levels left

rFire   . . .        I - melded +9 flail "Emuhiu" {protect, Fly Str-4 Int+6}
rCold   . . .        (shield currently unavailable)
rNeg    . . .        (body armour unavailable)
rPois   ∞            V - melded +2 hat
rElec   +            n - melded scarf {rC+ rF+}
rCorr   .            U - melded +2 pair of gloves {infuse}
SInv    .            v - melded +2 pair of boots
Will    +....        z - amulet of regeneration
Stlth   +            T - +4 ring of protection
HPRegen 1.33/turn    S - +6 ring of strength
MPRegen 0.23/turn

%: no passive effects
@: divinely vigorous, storm-form, marked, flying
A: cleaving, insubstantial, flying, (breathe lightning), AC +10, unfitting
armour, (big wings), (electricity resistance), (cold-blooded), (cold resistance
2), evolution 1
}: 1/15 runes: serpentine
a: Blinkbolt, End Transformation, Renounce Religion, Purification, Heal Other,
Heal Self, Divine Vigour


You were on level 4 of the Shoals.
You worshipped Elyvilon.
Elyvilon was exalted by your worship.
You were a lightning-filled tempest!
You visited 6 branches of the dungeon, and saw 31 of its levels.
You visited the Abyss 1 time.
You also visited: Gauntlet.

You collected 2921 gold pieces.
You spent 578 gold pieces at shops.


Innate Abilities, Weirdness & Mutations

You are a lightning-filled tempest!
Your electrical attacks strike out in all directions at once.
You are incredibly evasive.
Your insubstantial body is immune to petrification, constriction, and being set on fire You are flying.
You are immune to poison.
Your armour is entirely melded.
You are incapable of wielding weapons or throwing items.
((You can breathe wild blasts of lightning.))
((Your glossy black scales are hard. (AC +10)))
You cannot fit into any form of body armour.
((Your large and strong wings let you fly.))
((You are resistant to electric shocks. (rElec)))
((You are cold-blooded and may be slowed by cold attacks.))
((Your flesh is very cold resistant. (rC++)))
You have hidden genetic potential.


   Skills:
 - Level 16.0 Fighting
 - Level 7.0 Dodging
 + Level 11.8 Unarmed Combat
 - Level 7.0 Spellcasting
 - Level 7.0 Conjurations
 - Level 12.0 Translocations
 - Level 15.0 Transmutations
 - Level 6.0 Fire Magic
 - Level 7.0 Ice Magic
 - Level 15.0 Air Magic
 - Level 10.0 Invocations
 - Level 4.0 Evocations


You had 4 spell levels left.
You knew the following spells:

 Your Spells              Type           Power      Damage    Failure   Level
b - Beastly Appendage     Tmut           100%       N/A       1%          1
c - Ice Form              Ice/Tmut       48%        N/A       1%          4
f - Freezing Cloud        Conj/Ice/Air   21%        6-21      5%          5
m - Manifold Assault      Tloc           51%        N/A       1%          4
s - Storm Form            Tmut/Air       29%        N/A       19%         7
w - Wereblood             Tmut           59%        N/A       1%          2
y - Sticky Flame          Conj/Fire      31%        2d5       7%          4

Your spell library contained the following spells:

 Spells                   Type           Power      Damage    Failure   Level
 Apportation              Tloc           100%       N/A       1%          1
 Freeze                   Ice            100%       1d10      1%          1
 Magic Dart               Conj           100%       1d8       1%          1
 Blink                    Tloc           100%       N/A       1%          2
 Poisonous Vapours        Pois/Air       70%        N/A       1%          2
 Searing Ray              Conj           66%        2d6       1%          2
 Static Discharge         Conj/Air       96%        2-6/arc   1%          2
 Frozen Ramparts          Ice            66%        1d10      1%          3
 Hailstorm                Conj/Ice       33%        3d8       1%          3
 Mephitic Cloud           Conj/Pois/Air  34%        N/A       1%          3
 Spider Form              Tmut/Pois      35%        N/A       1%          3
 Airstrike                Air            29%        2d(5-21)  1%          4
 Passage of Golubria      Tloc           51%        N/A       1%          4
 Portal Projectile        Hex/Tloc       58%        N/A       2%          3
 Summon Lightning Spire   Summ/Air       35%        N/A       4%          4
 Stone Arrow              Conj/Erth      38%        3d9       7%          3
 Flame Wave               Conj/Fire      31%        2d9       7%          4
 Inner Flame              Hex/Fire       18%        N/A       9%          3
 Necrotise                Necr           24%        1d5       10%         1
 Summon Small Mammal      Summ           24%        N/A       10%         1
 Fulminant Prism          Conj/Hex       9%         3d7       24%         4
 Call Canine Familiar     Summ           6%         N/A       30%         3
 Tukima's Dance           Hex            6%         N/A       30%         3
 Leda's Liquefaction      Hex/Erth       3%         N/A       69%         4
 Blade Hands              Tmut           29%        N/A       1%          5
 Irradiate                Conj/Tmut      24%        3d19      3%          5
 Silence                  Hex/Air        17%        N/A       13%         5
 Dragon Form              Tmut           29%        N/A       19%         7
 Summon Forest            Summ/Tloc      14%        N/A       24%         5
 Maxwell's Capacitive Co  Air            29%        ∞         80%         8
 Summon Mana Viper        Hex/Summ       6%         N/A       95%         5
 Summon Cactus Giant      Summ           3%         N/A       100%        6
 Lehudib's Crystal Spear  Conj/Erth      9%         10d4      100%        8
 Animate Armour           Summ/Erth      Unusable   N/A       N/A         4

Inventory:

Hand Weapons
 I - the +9 flail "Emuhiu" (melded) {protect, Fly Str-4 Int+6}
   (You found it on level 5 of the Lair of Beasts)

   Str:       It affects your strength (-4).
   Int:       It affects your intelligence (+6).
   Fly:       It grants you flight.
Missiles
 L - a throwing net {=f}
Armour
 n - a scarf of resistance (melded)
 v - a +2 pair of boots (melded)
 U - a +2 pair of gloves of infusion (melded)
 V - a +2 hat (melded)
Jewellery
 z - an amulet of regeneration (around neck)
 E - a +5 ring of evasion
 F - a ring of protection from fire
 R - a ring of resist corrosion
 S - a +6 ring of strength (right fist)
 T - a +4 ring of protection (left fist)
 Z - a ring of wizardry
Wands
 s - a wand of roots (13)
 t - a wand of digging (14)
 y - a wand of charming (28)
 C - a wand of acid (22)
 G - a wand of mindburst (7)
 K - a wand of flame (47)
 P - a wand of polymorph (3)
Scrolls
 e - 5 scrolls of immolation
 f - 10 scrolls of teleportation {@r2}
 i - a scroll of silence {!r}
 k - a scroll of blinking
 m - 3 scrolls of poison
 q - a scroll of brand weapon
 r - 10 scrolls of vulnerability
 u - 4 scrolls of fog
 w - 2 scrolls of enchant armour
 D - 9 scrolls of magic mapping
 H - 8 scrolls of fear
 J - 4 scrolls of amnesia
 Q - 3 scrolls of summoning
 W - 4 scrolls of enchant weapon
Potions
 b - 4 potions of attraction
 c - 3 potions of invisibility
 d - 9 potions of heal wounds {@q2}
 g - 13 potions of curing {@q1}
 h - 2 potions of resistance
 j - 2 potions of haste {@q3}
 o - 8 potions of might
 p - 7 potions of brilliance
 x - 2 potions of magic
 A - 2 potions of mutation
 B - a potion of berserk rage {!q}
 N - a potion of cancellation
 O - 2 potions of flight
 X - a potion of ambrosia
Miscellaneous
 a - a tin of tremorstones (2/2)
 l - a phantom mirror
 M - a lightning rod (4/4)

Dungeon Overview and Level Annotations

Branches:
Dungeon (15/15)            Temple (1/1) D:4            Lair (5/5) D:10
 Shoals (4/4) Lair:2        Snake (4/4) Lair:3        Slime (0/5) Lair:5
    Orc (2/2) D:10            Elf (0/3) Orc:2        Vaults (0/5) D:13
 Depths (0/4) D:15        Gauntlet (visited)

Altars:
Ashenzari
Cheibriados
Elyvilon
Kikubaaqudgha
Okawaru
Ru
Trog
Xom
Yredelemnul
Zin
The Shining One

Shops:
D:12 *[*   Orc:1 !   Orc:2 :*[(   Snake:3 *

Portals:
Trove: D:15 (give +3 storm dragon scales)

Annotations:
D:4 Grinder
D:5 1 runed translucent door, Crazy Yiuf
D:15 1 runed translucent door, Bialiabluu's ghost, adept GrEE

▒~m▒ ▒~§▒
▒▒▒▒▒▒▒▒▒Ek▒
▒▒~~~~~~~§EH▒
▒~~.░.░.░mHm▒
▒.~~~~.~~~~~▒
▒~░~m~░~░H░~▒
▒...~~§†~..~▒
▒~.~.mv~░~.~▒
▒~~.~§~~..~.▒
▒c░~.~░~.~m~▒
▒~.~~~~~~~~~▒
Hm~░~░~░~.~.~▒
..~.~~.~~~~..▒
▒ ▒▒▒▒▒▒▒▒▒▒▒▒


You could see a merfolk impaler, a satyr, 4 merfolk aquamancers, a wind drake
(repels missiles), a manticore, a water nymph, a harpy and 2 air elementals.


Message History

You are engulfed in a cloud of scalding steam.
* * * LOW HITPOINT WARNING * * *
The wind drake flaps its wings at you. The air twists around and strikes you.
* * * LOW HITPOINT WARNING * * *
The wind drake exhales a fierce blast of wind!
You are knocked back by the gust of wind.
The water nymph is knocked back by the gust of wind.
The water nymph slams into the stone wall!
The water nymph is moderately wounded.
The wind drake is knocked back by the gust of wind.
The wind drake slams into the stone wall!
The wind drake dies!
The air elemental is engulfed in a cloud of scalding steam.
The air elemental barely misses you.
The merfolk impaler hits you but does no damage.
The merfolk aquamancer mumbles some strange words.
The merfolk aquamancer blinks!
Unknown command.
Blink to where?
Press: ? - help, Dir - move target A merfolk impaler and a manticore come into view.
The merfolk impaler is wielding a +1 demon trident of electrocution and wearing a +2 robe of willpower.
As you read the scroll of blinking, it crumbles to dust.
The air elemental is engulfed in a cloud of scalding steam.
The merfolk aquamancer mumbles some strange words.
The merfolk aquamancer blinks!
The merfolk aquamancer casts a spell at you.
The shard of ice hits you!!
You die...

Skill      XL: |  1  2  3  4  5  6  7  8  9 10 11 12 13 14 15 16 17 18 |
---------------+-------------------------------------------------------+-----
Transmutations | 3 4 5 6 7 10 13 14 15 | 15.0
Spellcasting   | 3 4 6 7 |  7.0
Conjurations   | 3 4 6 7 |  7.0
Fire Magic     | 3 4 6 |  6.0
Ice Magic      | 4 6 7 |  7.0
Air Magic      | 6 9 10 12 14 15 | 15.0
Invocations    | 4 8 10 | 10.0
Fighting       | 5 8 9 12 13 15 16 | 16.0
Evocations     | 2 4 |  4.0
Dodging        | 3 6 7 |  7.0
Unarmed Combat | 5 9 10 11 | 11.8
Translocations | 6 11 12 | 12.0

Action                     |  1- 3 |  4- 6 |  7- 9 | 10-12 | 13-15 | 16-18 || total
---------------------------+-------+-------+-------+-------+-------+-------++-------
  Melee: Short sword       |    82 |   162 |   601 |   200 |       |       ||  1045
         Unarmed           |     3 |       |     7 |    18 |   537 |   807 ||  1372
         Headbutt          |     4 |     2 |    31 |    28 |     5 |       ||    70
         Tailslap          |     8 |    20 |    81 |    86 |    50 |     2 ||   247
         Kick              |     4 |       |    65 |    42 |     7 |       ||   118
         Punch             |     3 |     4 |    20 |    13 |    61 |    55 ||   156
         War axe           |       |       |       |   238 |   127 |       ||   365
         Flail             |       |       |       |       |    92 |    31 ||   123
  Throw: Dart              |       |       |     3 |     3 |       |       ||     6
   Cast: Beastly Appendage |     5 |       |    27 |    16 |     4 |       ||    52
         Wereblood         |     2 |     1 |    11 |    11 |     3 |       ||    28
         Sticky Flame      |       |       |     5 |    54 |    35 |       ||    94
         Ice Form          |       |       |     1 |     1 |       |       ||     2
         Freezing Cloud    |       |       |       |    31 |    58 |       ||    89
         Storm Form        |       |       |       |       |    52 |    88 ||   140
         Manifold Assault  |       |       |       |       |       |    59 ||    59
 Invoke: Heal Self         |       |       |     2 |     2 |       |     2 ||     6
         Purification      |       |       |     2 |       |       |       ||     2
         Divine Vigour     |       |       |       |       |     1 |     2 ||     3
Ability: Breathe Lightning |       |       |     4 |     2 |     1 |       ||     7
         Blinkbolt         |       |       |       |       |    33 |    42 ||    75
  Evoke: Wand              |       |       |     1 |     1 |     1 |       ||     3
    Use: Potion            |       |     1 |     1 |       |     2 |     2 ||     6
         Scroll            |       |       |     2 |    15 |    12 |     5 ||    34
   Stab: Sleeping          |     1 |     1 |     1 |     1 |       |       ||     4
 Armour: Skin              |    23 |    78 |   302 |   267 |   347 |   254 ||  1271
  Dodge: Dodged            |    39 |    72 |   399 |   490 |   629 |   634 ||  2263
         Repelled          |       |       |     3 |       |     4 |       ||     7

Levels and vault maps discovered:
D:1:      dpeg_cavernosity, layout_basic
D:2:      layout_rooms, ebering_ecumenical_altar_mist
D:3:      layout_loops_ring, dreamdust_wishing_well, grunt_ministairs_13,
          corexii_item_surrounded_by_moat, kennysheep_generic_room_5
D:4:      layout_loops_corners, tso_metal_star, minmay_temple_entry_water_ring,
          serial_undead, serial_undead_a, serial_undead_e, serial_undead_e,
          serial_undead_a, uniq_ijyb, uniq_grinder, uniq_eustachio, uniq_pikel
D:5:      layout_gridville, mainiacjoe_overflow_paths, uniq_duvessa,
          uniq_crazy_yiuf_cottage, uniq_prince_ribbit1
D:6:      layout_gridville, uniq_menkaure
D:7:      layout_layer_cave
D:8:      layout_rooms, nicolae_kikubaaqudgha_miasma_corner,
          corexii_leaking_fountain, uniq_maurice
D:9:      layout_gridville, mainiacjoe_overflow_six_doors_small,
          serial_park_tiny_1
D:10:     layout_loops_cross, lair_entry_dummy, david_orc_5, serial_park_tiny_2
D:11:     layout_loops_ring, minmay_tree_intersection
D:12:     layout_basic, serial_shops, shop, nicolae_shop_getting_attention,
          kennysheep_mini_moat, nicolae_concentric_dashed_squares_wild,
          kennysheep_generic_room_14, uniq_jorgrun
D:13:     layout_gridville, ximxim_vaults_locker_room
D:14:     layout_small_grid, gauntlet_entry_generic, lemuel_crystal_altar,
          yredelemnul_altar_generic
D:15:     grunt_enter_depths_magical_seal, layout_rooms,
          nicolae_trove_entry_free_sample, minmay_misc_feat_pillars,
          hellmonk_ghost_happy_afterlife
Temple:   nicolae_temple_two_arcs
Lair:1:   layout_gridlike
Lair:2:   layout_cave_shapes, nicolae_shoals_entry_roost
Lair:3:   layout_cave_pods, guppyfry_snake_entry_island, basic_altar, uniq_kirke
Lair:4:   layout_loops_ring
Lair:5:   grunt_lair_end_beastmaster, layout_gridlike,
          minmay_slime_entry_oklob_open, st_stairs_12
Shoals:1: layout_shoals, uniq_frances
Shoals:2: layout_shoals
Shoals:3: layout_shoals, nicolae_shoals_mertower
Shoals:4: shoals_end_hellmonk_storm_palace [storm_palace_center_circular,
          storm_palace_corner_narrow, storm_palace_corner_grid,
          storm_palace_corner_grid, storm_palace_corner_blocked]
Snake:1:  layout_chambers, uniq_mlioglotl
Snake:2:  layout_layer_cave, grunt_megastairs_5
Snake:3:  layout_chambers, nicolae_shop_sticking_my_neck_out, uniq_vashnia
Snake:4:  grunt_snake_rune_spirals, layout_onion_interference,
          hangedman_snake_corridor_cut
Orc:1:    layout_caves, serial_shops, shop, basic_altar
Orc:2:    st_orc_congregation, layout_caves, basic_altar, roderic_batcave,
          uniq_azrael

Notes
Turn   | Place    | Note
-------+----------+-------------------------------------------
     0 | D:1      | Jackthecabe the Draconian Transmuter began the quest for
                  | the Orb.
     0 | D:1      | Reached XP level 1. HP: 16/16 MP: 3/3
   307 | D:1      | Reached XP level 2. HP: 14/23 MP: 1/5
   359 | D:1      | Learned a level 2 spell: Wereblood
   441 | D:1      | Reached XP level 3. HP: 28/28 MP: 7/7
   654 | D:1      | Reached skill level 3 in Transmutations
  1015 | D:1      | Reached skill level 3 in Spellcasting
  1279 | D:2      | Reached XP level 4. HP: 35/35 MP: 5/8
  1305 | D:2      | Found a faded altar of an unknown god.
  1336 | D:2      | Reached skill level 4 in Transmutations
  1351 | D:2      | Prayed at the altar of an unknown god.
  1351 | D:2      | Became a worshipper of Elyvilon the Healer
  1351 | D:2      | Reached * piety under Elyvilon
  1818 | D:3      | Reached ** piety under Elyvilon
  1909 | D:3      | Reached XP level 5. HP: 40/40 MP: 9/9
  1914 | D:3      | Learned a level 4 spell: Sticky Flame
  2538 | D:4      | Found a staircase to the Ecumenical Temple.
  2540 | D:4      | Noticed a lemure
  2540 | D:4      | Noticed a lemure
  2567 | D:4      | Killed a lemure
  2599 | D:4      | Noticed a lemure
  2708 | D:4      | Noticed a lemure
  2711 | D:4      | Noticed Pikel
  2721 | D:4      | Killed a lemure
  2736 | D:3      | Killed a lemure
  2833 | D:3      | Killed a lemure
  2846 | D:3      | HP: 6/60 [Pikel/+0 whip of flaming (1)]
  2848 | D:3      | HP: 2/60 [Pikel/+0 whip of flaming (1)]
  2850 | D:3      | Killed Pikel
  2851 | D:3      | Reached skill level 3 in Conjurations
  2851 | D:3      | Reached skill level 5 in Transmutations
  2851 | D:3      | Reached skill level 3 in Fire Magic
  2851 | D:3      | Reached XP level 6. HP: 3/47 MP: 10/10
  2851 | D:3      | Your scales start taking on a glossy black colour.
  2851 | D:3      | Reached XP level 7. HP: 3/52 MP: 11/11
  2851 | D:3      | Gained mutation: You are resistant to electric shocks.
                  | (rElec) [Black Draconian growth]
  3152 | Temple   | Entered the Ecumenical Temple
  3262 | D:4      | Learned a level 4 spell: Ice Form
  3331 | D:4      | Noticed Eustachio
  3417 | D:4      | Killed Eustachio
  3418 | D:4      | Reached skill level 6 in Transmutations
  3438 | D:4      | Noticed Grinder
  3490 | D:4      | Paralysed by Grinder for 5 turns
  3534 | D:4      | Reached *** piety under Elyvilon
  3571 | D:4      | Paralysed by Grinder for 4 turns
  3600 | D:4      | Found a glowing golden altar of the Shining One.
  3622 | D:4      | Paralysed by Grinder for 4 turns
  3697 | D:3      | Reached skill level 4 in Conjurations
  3697 | D:3      | Reached skill level 4 in Fire Magic
  4055 | D:4      | Noticed Ijyb
  4092 | D:4      | Reached XP level 8. HP: 59/59 MP: 12/12
  4108 | D:4      | Killed Ijyb
  4126 | D:4      | Reached skill level 5 in Conjurations
  4181 | D:4      | Reached skill level 5 in Fire Magic
  4677 | D:5      | Entered Level 5 of the Dungeon
  4677 | D:5      | Noticed Duvessa
  4677 | D:5      | Noticed Dowan
  4712 | D:5      | Found a sacrificial altar of Ru.
  4812 | D:5      | Reached **** piety under Elyvilon
  4824 | D:5      | HP: 2/59 [steam dragon/ball of steam (10)]
  4826 | D:5      | Reached skill level 1 in Ice Magic
  5048 | D:5      | Noticed Prince Ribbit
  5077 | D:5      | Killed Prince Ribbit
  5078 | D:5      | Reached skill level 2 in Ice Magic
  5234 | D:5      | Killed Duvessa
  5235 | D:5      | Reached skill level 6 in Conjurations
  5235 | D:5      | Reached skill level 6 in Fire Magic
  5235 | D:5      | Reached skill level 3 in Ice Magic
  5376 | D:5      | Killed Dowan
  5377 | D:5      | Reached skill level 4 in Ice Magic
  5897 | D:5      | Found a runed translucent door.
  5898 | D:5      | Noticed Crazy Yiuf
  5957 | D:6      | Reached ***** piety under Elyvilon
  6007 | D:6      | Reached XP level 9. HP: 61/64 MP: 9/13
  6202 | D:6      | Reached skill level 1 in Air Magic
  6279 | D:6      | Reached skill level 5 in Ice Magic
  6287 | D:6      | Reached skill level 2 in Air Magic
  6531 | D:6      | Noticed Menkaure
  6535 | D:6      | Killed Menkaure
  6607 | D:6      | Reached skill level 3 in Air Magic
  7290 | D:7      | HP: 6/64 [poisoned by a killer bee]
  7643 | D:7      | Reached skill level 4 in Air Magic
  7738 | D:7      | Reached skill level 6 in Ice Magic
  7857 | D:7      | Reached skill level 5 in Air Magic
  8327 | D:7      | Reached skill level 6 in Air Magic
  8460 | D:7      | Reached skill level 1 in Invocations
  8865 | D:7      | Reached skill level 2 in Fighting
  9071 | D:7      | Reached skill level 2 in Invocations
  9217 | D:7      | Reached skill level 3 in Fighting
  9272 | D:8      | Reached skill level 3 in Invocations
  9305 | D:8      | Reached skill level 4 in Fighting
  9355 | D:8      | HP: 5/71 [wight/+4 flail of freezing (9)]
  9355 | D:8      | Elyvilon protects you from harm!
  9357 | D:8      | HP: 2/71 [wight/+3 war axe (4)]
  9357 | D:8      | Elyvilon protects you from harm!
  9358 | D:8      | Elyvilon protects you from harm!
  9669 | D:8      | Noticed Maurice
  9689 | D:8      | Killed Maurice
  9690 | D:8      | Reached skill level 5 in Fighting
  9690 | D:8      | Reached skill level 4 in Invocations
  9690 | D:8      | Reached XP level 10. HP: 81/81 MP: 5/14
  9753 | D:8      | Found an ancient bone altar of Kikubaaqudgha.
 10312 | D:9      | Reached skill level 6 in Fighting
 10390 | D:9      | Reached skill level 7 in Fighting
 10569 | D:9      | Noticed a rust devil
 10617 | D:9      | Reached skill level 8 in Fighting
 10617 | D:9      | Reached skill level 2 in Evocations
 10899 | D:9      | Reached skill level 4 in Spellcasting
 10899 | D:9      | Reached skill level 2 in Dodging
 11047 | D:9      | Reached skill level 3 in Dodging
 11275 | D:8      | Learned a level 5 spell: Freezing Cloud
 11285 | D:9      | Found a white marble altar of Elyvilon.
 11898 | D:9      | Reached XP level 11. HP: 86/88 MP: 17/17
 12050 | D:9      | Reached skill level 4 in Dodging
 12300 | D:10     | Entered Level 10 of the Dungeon
 12799 | D:10     | Noticed a two-headed ogre
 12820 | D:10     | Killed a two-headed ogre
 12821 | D:10     | Reached skill level 7 in Air Magic
 12964 | D:10     | Found a staircase to the Lair.
 13244 | D:10     | Noticed a boulder beetle
 13258 | D:10     | Killed a boulder beetle
 13259 | D:10     | Reached skill level 7 in Conjurations
 13259 | D:10     | Reached skill level 7 in Ice Magic
 13372 | D:10     | Found a staircase to the Orcish Mines.
 13404 | D:10     | Reached skill level 5 in Dodging
 13835 | D:11     | Reached skill level 8 in Air Magic
 13885 | D:11     | Noticed a centaur warrior
 13889 | D:11     | Killed a centaur warrior
 14215 | D:11     | Reached ****** piety under Elyvilon
 14417 | D:11     | Reached skill level 7 in Transmutations
 14537 | D:11     | Reached skill level 6 in Dodging
 14654 | Lair:1   | Entered Level 1 of the Lair of Beasts
 14829 | Lair:1   | Reached skill level 9 in Air Magic
 15077 | Lair:1   | Reached XP level 12. HP: 93/101 MP: 12/18
 15158 | Lair:1   | Noticed a catoblepas
 15174 | Lair:1   | Killed a catoblepas
 15175 | Lair:1   | Reached skill level 7 in Dodging
 15263 | Lair:1   | Reached skill level 8 in Transmutations
 15543 | Lair:1   | Reached skill level 10 in Air Magic
 15957 | Lair:1   | Reached skill level 9 in Transmutations
 16174 | Lair:2   | Noticed a seven-headed hydra
 16193 | Lair:2   | Killed a seven-headed hydra
 16334 | Lair:2   | Noticed a five-headed hydra
 16340 | Lair:2   | Killed a five-headed hydra
 16416 | Lair:2   | Reached skill level 5 in Spellcasting
 16416 | Lair:2   | Reached skill level 10 in Transmutations
 16687 | Lair:2   | Reached skill level 6 in Spellcasting
 16905 | Lair:2   | Reached skill level 4 in Unarmed Combat
 17012 | Lair:2   | Reached skill level 9 in Fighting
 17034 | Lair:2   | Found a staircase to the Shoals.
 17452 | Lair:3   | Found a staircase to the Snake Pit.
 17482 | Lair:3   | Reached skill level 5 in Unarmed Combat
 17482 | Lair:3   | Reached XP level 13. HP: 102/111 MP: 17/22
 17683 | Lair:3   | Noticed Kirke
 18287 | Lair:3   | Killed Kirke
 18288 | Lair:3   | Reached skill level 10 in Fighting
 18288 | Lair:3   | Reached skill level 6 in Unarmed Combat
 18374 | Lair:3   | Found a glowing golden altar of the Shining One.
 18433 | Lair:3   | Learned a level 7 spell: Storm Form
 19169 | Lair:4   | Reached skill level 7 in Unarmed Combat
 19182 | Lair:4   | HP: 4/115 [komodo dragon (25)]
 19441 | Lair:4   | Reached skill level 11 in Fighting
 19791 | Lair:4   | Identified 2 potions of resistance
 19826 | Lair:5   | Entered Level 5 of the Lair of Beasts
 20137 | Lair:5   | Reached skill level 8 in Unarmed Combat
 20508 | Lair:4   | Reached skill level 12 in Fighting
 20508 | Lair:4   | Reached skill level 9 in Unarmed Combat
 20899 | Lair:5   | Identified the +9 flail "Emuhiu" {protect, Fly Str-4 Int+6}
 21713 | Lair:5   | Gained mutation: Your large and strong wings let you fly.
                  | [Black Draconian growth]
 21713 | Lair:5   | Reached XP level 14. HP: 126/126 MP: 16/23
 22016 | Lair:5   | Found a staircase to the Slime Pits.
 22596 | Lair:5   | Reached skill level 11 in Transmutations
 23059 | Lair:5   | Reached skill level 11 in Air Magic
 23256 | Lair:5   | Reached skill level 10 in Unarmed Combat
 23540 | Lair:5   | Identified the +4 plate armour of Gallantry {rPois rN++
                  | Will+ Int-3}
 23747 | Orc:1    | Entered Level 1 of the Orcish Mines
 23783 | Orc:1    | Found Ikhuoril's Distillery.
 24185 | Orc:2    | Entered Level 2 of the Orcish Mines
 24188 | Orc:2    | Reached skill level 12 in Transmutations
 24238 | Orc:2    | Noticed an orc warlord
 24958 | Orc:2    | Found a staircase to the Elven Halls.
 24965 | Orc:2    | Noticed Azrael
 24995 | Orc:2    | Killed Azrael
 25008 | Orc:1    | Reached skill level 12 in Air Magic
 25453 | Orc:1    | Reached skill level 13 in Transmutations
 25672 | Orc:2    | Killed an orc warlord
 25675 | Orc:2    | Elyvilon protects you from harm!
 25868 | Orc:2    | Identified a +2 robe of the Archmagi
 26115 | Orc:2    | Found Ydatarol's General Store.
 26116 | Orc:2    | Found Roamisok's Book Shoppe.
 26118 | Orc:2    | Found Adethra's Antique Armour Emporium.
 26118 | Orc:2    | Found Soucruawn's Antique Weapon Emporium.
 26218 | Orc:1    | Bought a potion of magic for 136 gold pieces
 26279 | D:12     | Identified the +0 tower shield of the Saviour {rN+}
 26406 | D:12     | Noticed Jorgrun
 26409 | D:12     | Gained mutation: You are frail. (-10% HP) [mutagenic glow]
 26426 | D:12     | Killed Jorgrun
 26508 | D:12     | Found Xeoh's Armour Emporium.
 26560 | D:12     | Reached XP level 15. HP: 95/118 MP: 24/24
 26755 | D:12     | Found Goth's General Store.
 26758 | D:12     | Bought a potion of cancellation for 136 gold pieces
 26786 | D:12     | Found Doxayqef's Assorted Antiques.
 26789 | D:12     | Bought a scroll labelled ROLUPHA KEURR for 36 gold pieces
 26789 | D:12     | Bought a pair of glowing gloves for 270 gold pieces
 27296 | D:13     | Reached skill level 13 in Air Magic
 27660 | D:13     | Reached skill level 14 in Transmutations
 27927 | D:13     | Reached skill level 14 in Air Magic
 27959 | D:13     | Found a gate to the Vaults.
 28081 | D:14     | Found a gate leading to a gauntlet.
 28108 | Gauntlet | Entered a Gauntlet
 28108 | Gauntlet | Found a large runed translucent door.
 28108 | Gauntlet | Found a large runed translucent door.
 28108 | Gauntlet | Found a large runed translucent door.
 28108 | Gauntlet | Found a large runed translucent door.
 28108 | Gauntlet | Found a large runed translucent door.
 28108 | Gauntlet | Found a transporter.
 28108 | Gauntlet | Found a large runed translucent door.
 28108 | Gauntlet | Found a large runed translucent door.
 28108 | Gauntlet | Found a large runed translucent door.
 28108 | Gauntlet | Found a runed translucent door.
 28108 | Gauntlet | Found a runed translucent gate.
 28108 | Gauntlet | Found a runed translucent gate.
 28108 | Gauntlet | Found a transporter.
 28108 | Gauntlet | Found a transporter.
 28121 | Gauntlet | Found a transporter.
 28123 | Gauntlet | Found a transporter.
 28131 | Gauntlet | Found a transporter.
 28134 | Gauntlet | Found a transporter.
 28144 | Gauntlet | Found a transporter.
 28162 | Gauntlet | Found a transporter.
 28182 | Gauntlet | Found a transporter.
 28183 | Gauntlet | Found a transporter.
 28183 | Gauntlet | Identified a scroll of acquirement
 28194 | Gauntlet | Found a transporter.
 28198 | Gauntlet | Found a runed translucent gate.
 28199 | Gauntlet | Found a large runed translucent door.
 28199 | Gauntlet | Found a large runed translucent door.
 28200 | Gauntlet | Found a large runed translucent door.
 28201 | Gauntlet | Found a large runed translucent door.
 28202 | Gauntlet | Found a large runed translucent door.
 28202 | Gauntlet | Found a large runed translucent door.
 28202 | Gauntlet | Found a runed translucent door.
 28203 | Gauntlet | Found a large runed translucent door.
 28204 | Gauntlet | Found a large runed translucent door.
 28295 | Gauntlet | Reached skill level 1 in Translocations
 28350 | Gauntlet | Identified a scarf of resistance
 28528 | D:14     | Found a bloodstained altar of Trog.
 28552 | D:14     | Reached skill level 2 in Translocations
 28635 | D:14     | Reached skill level 5 in Invocations
 28852 | D:14     | Found a basalt altar of Yredelemnul.
 28861 | D:14     | Reached skill level 3 in Translocations
 28894 | D:14     | Identified the staff of air "Poamoes" {Drain rElec Str+9
                  | Stlth-}
 29439 | D:15     | Entered Level 15 of the Dungeon
 29482 | D:15     | Found a portal to a secret trove of treasure.
 29575 | D:15     | Reached skill level 7 in Spellcasting
 29611 | D:15     | Reached skill level 6 in Invocations
 29653 | D:15     | Found a runed translucent door.
 29653 | D:15     | Noticed Bialiabluu's ghost (adept GrEE)
 29681 | D:15     | Reached skill level 4 in Translocations
 29776 | D:15     | You are cast into the Abyss!
 29776 | Abyss:2  | Found a corrupted altar of Lugonu.
 29776 | Abyss:2  | Cast into level 2 of the Abyss (a wizard)
 29878 | Abyss:2  | Learned a level 4 spell: Manifold Assault
 29879 | D:15     | You pass through the gate.
 29879 | D:15     | Escaped the Abyss
 29902 | D:15     | Reached skill level 5 in Translocations
 29902 | D:15     | Reached skill level 7 in Invocations
 29917 | D:15     | Found a staircase to the Depths.
 30383 | Snake:1  | Entered Level 1 of the Snake Pit
 30604 | Snake:1  | Noticed Mlioglotl
 30612 | Snake:1  | Noticed a tentacled starspawn
 30616 | Snake:1  | Killed Mlioglotl
 30617 | Snake:1  | Reached skill level 6 in Translocations
 30617 | Snake:1  | Reached skill level 8 in Invocations
 31297 | Snake:1  | Reached XP level 16. HP: 114/125 MP: 18/26
 31502 | Snake:1  | Reached skill level 9 in Invocations
 32152 | Snake:1  | Reached skill level 10 in Invocations
 32388 | Snake:2  | Reached skill level 7 in Translocations
 32742 | Snake:2  | Reached skill level 8 in Translocations
 33317 | Snake:2  | Reached skill level 9 in Translocations
 34029 | Snake:3  | Reached skill level 10 in Translocations
 34101 | Snake:3  | Reached skill level 3 in Evocations
 34335 | Snake:3  | Found Fehaidgh's Neck Hole.
 34570 | Snake:3  | Reached skill level 4 in Evocations
 34575 | Snake:3  | Noticed Vashnia
 34616 | Snake:3  | Killed Vashnia
 35222 | Snake:3  | Reached skill level 13 in Fighting
 35576 | Snake:4  | Entered Level 4 of the Snake Pit
 36215 | Snake:4  | Reached skill level 11 in Translocations
 36226 | Snake:4  | Reached XP level 17. HP: 57/135 MP: 22/27
 36651 | Snake:4  | Gained mutation: You occasionally lose the ability to drink
                  | potions when taking damage. [mutagenic glow]
 36769 | Snake:4  | Lost mutation: You occasionally lose the ability to drink
                  | potions when taking damage. [potion of mutation]
 36769 | Snake:4  | Lost mutation: You are frail. (-10% HP) [potion of
                  | mutation]
 36769 | Snake:4  | Gained mutation: You have hidden genetic potential. [potion
                  | of mutation]
 36769 | Snake:4  | Gained mutation: Your flesh is cold resistant. (rC+)
                  | [potion of mutation]
 37405 | Snake:4  | Reached skill level 14 in Fighting
 37645 | Snake:4  | Elyvilon protects you from harm!
 39076 | Snake:4  | Reached skill level 15 in Air Magic
 39440 | Snake:4  | Reached skill level 15 in Fighting
 39440 | Snake:4  | Reached skill level 15 in Transmutations
 39507 | Snake:4  | Got a serpentine rune of Zot
 39777 | Shoals:1 | Entered Level 1 of the Shoals
 40624 | Shoals:1 | Reached skill level 12 in Translocations
 40712 | Shoals:1 | Noticed Frances
 40717 | Shoals:1 | Killed Frances
 42065 | Shoals:2 | Identified the +3 sling of Juucsu {drain, rPois Will++
                  | rCorr Int+4}
 42469 | Shoals:3 | Reached XP level 18. HP: 165/166 MP: 14/28
 42763 | Shoals:3 | Reached skill level 16 in Fighting
 42778 | Shoals:3 | Gained mutation: Your flesh is very cold resistant. (rC++)
                  | [hidden potential]
 43039 | Shoals:3 | Reached skill level 11 in Unarmed Combat
 43987 | Shoals:4 | Entered Level 4 of the Shoals
 44049 | Shoals:4 | Paralysed by an air elemental for 1 turns
 44049 | Shoals:4 | HP: 16/166 [merfolk aquamancer/+0 rapier (6)]
 44050 | Shoals:4 | HP: 5/166 [wind drake (7)]
 44051 | Shoals:4 | Elyvilon protects you from harm!
 44053 | Shoals:4 | Killed from afar by a merfolk aquamancer

Vanquished Creatures
  Vashnia (Snake:3)
  Jorgrun (D:12)
  Mlioglotl (Snake:1)
  Kirke (Lair:3)
  Frances (Shoals:1)
  11 nagarajas (Snake:4)
  An orc warlord (Orc:2)
  A minotaur (Gauntlet)
  Azrael (Orc:2)
  3 merfolk impalers
  3 merfolk javelineers (Shoals:3)
  An entropy weaver (Gauntlet)
  A fire dragon (D:12)
  A vault guard (D:13)
  3 hydras
  6 boulder beetles
  4 centaur warriors
  A two-headed ogre (D:10)
  A merfolk avatar (Shoals:3)
  A merfolk aquamancer (Shoals:3)
  A salamander tyrant (Snake:4)
  8 anacondas
  2 catoblepae
  2 satyrs (Shoals:3)
  An alligator snapping turtle (Shoals:2)
  32 naga warriors
  A deep troll shaman (Lair:5)
  10 death yaks
  3 orc high priests
  16 naga sharpshooters
  6 shock serpents
  A soul eater (Gauntlet)
  A skyshark (Lair:5)
  A sixfirhy (Gauntlet)
  4 salamander mystics
  7 sea snakes
  5 naga ritualists
  A wizard (D:15)
  A lindwurm (Lair:5)
  A deep elf pyromancer (D:15)
  8 orc knights
  7 mana vipers
  8 harpies
  Pikel (D:3)
  A deep elf zephyrmancer (D:15)
  A necromancer (D:15)
  7 orc sorcerers
  7 manticores
  2 oklob plants (Lair:5)
  8 fauns (Shoals:3)
  21 ugly things
  16 salamanders
  6 cyclopes
  Maurice (D:8)
  16 elephants
  4 merfolk sirens
  21 naga magi
  A molten gargoyle (Lair:5)
  3 water nymphs
  39 black mambas
  An orange demon (Abyss:2)
  19 cane toads
  4 gargoyles
  An eye of devastation (shapeshifter) (D:15)
  10 guardian serpents
  A centaur skeleton (D:15)
  6 kobold demonologists
  5 komodo dragons
  13 merfolk
  A polar bear (Lair:5)
  3 trolls
  8 wind drakes
  Prince Ribbit (D:5)
  7 snapping turtles
  12 slime creatures
  A dream sheep (shapeshifter) (D:13)
  21 blink frogs
  Eustachio (D:4)
  2 shadows (D:13)
  6 hogs (Lair:3)
  49 yaks
  6 water elementals
  2 fire elementals
  A wraith (D:10)
  10 humans (D:13)
  4 wyverns
  6 basilisks
  A steam dragon (D:5)
  A redback (Gauntlet)
  3 vampire mosquitoes (D:14)
  Menkaure (D:6)
  3 wargs
  5 hell hounds
  An acid dragon (D:13)
  53 nagas
  12 water moccasins
  Duvessa (D:5)
  38 orc warriors
  2 sky beasts
  A black bear (Lair:5)
  7 ogres
  An ogre (shapeshifter) (D:15)
  20 wolves
  4 lemures
  6 centaurs
  2 phantoms
  5 kobold brigands
  7 bullfrogs
  2 gnoll sergeants
  3 small abominations (Abyss:2)
  16 wights
  Dowan (D:5)
  20 killer bees
  A vampire bat (Orc:2)
  5 howler monkeys
  4 centaur zombies
  A jelly (D:7)
  27 orc priests
  A quasit (Abyss:2)
  5 hounds
  A gnoll bouda (D:6)
  3 iguanas
  Ijyb (D:4)
  27 orc wizards
  2 hound zombies (D:4)
  5 adders
  20 gnolls
  3 shadow imps
  5 ufetubi
  An adder skeleton (D:4)
  An adder zombie (D:4)
  2 worms (D:3)
  3 dart slugs (D:1)
  100 orcs
  15 bats
  11 endoplasms
  7 giant cockroaches
  6 hobgoblins
  14 jackals
  3 quokkas (D:1)
  7 ball pythons
  3 frilled lizards
  14 goblins
  22 kobolds
  A quokka zombie (D:4)
  4 rats
  A plant (Shoals:3)
1069 creatures vanquished.

Vanquished Creatures (others)
  A vault guard (D:13)
  A merfolk aquamancer (Shoals:3)
  A naga warrior (Snake:4)
  A guardian serpent (Snake:4)
  A wind drake (Shoals:4)
  An orc wizard (Orc:2)
  A bush (Lair:4)
  34 fungi
  84 plants
  2 starspawn tentacles (Snake:1)
  4 withered plants
131 creatures vanquished.

Grand Total: 1200 creatures vanquished

Table legend: (Time is in decaauts)
 A = Elapsed time spent in this place.
 B = Non-inter-level travel time spent in this place.
 C = Inter-level travel time spent in this place.
 D = Time resting spent in this place.
 E = Time spent auto-exploring this place.
 F = Levels seen in this place.
 G = Mean time per level.
                   A        B        C        D        E       F      G
               +--------+--------+--------+--------+--------+-----+--------+
         Total |  44108 |  42166 |   1942 |   9942 |  23641 |  33 | 1336.6 |
       Dungeon |  18383 |  17389 |    994 |   3219 |  10386 |  15 | 1225.5 |
        Temple |      1 |      1 |      0 |      0 |      0 |   1 |    1.0 |
          Lair |   9323 |   8882 |    441 |   3286 |   4097 |   5 | 1864.6 |
        Shoals |   4232 |   4181 |     51 |    918 |   2439 |   4 | 1058.0 |
     Snake Pit |   9257 |   8922 |    335 |   1685 |   5582 |   4 | 2314.2 |
  Orcish Mines |   2443 |   2323 |    120 |    795 |   1013 |   2 | 1221.5 |
         Abyss |    101 |    101 |      0 |      0 |      0 |   1 |  101.0 |
      Gauntlet |    365 |    365 |      0 |     39 |    123 |   1 |  365.0 |
               +--------+--------+--------+--------+--------+-----+--------+

Top non-repeatable levels by time:
 Snake:4: 3505 daAuts
  Lair:4: 2748 daAuts
     D:7: 2375 daAuts
 Snake:3: 2338 daAuts
  Lair:5: 2247 daAuts
     D:9: 1873 daAuts
 Snake:1: 1758 daAuts
 Snake:2: 1655 daAuts
  Lair:1: 1602 daAuts
     D:4: 1561 daAuts
     D:3: 1490 daAuts
    D:10: 1471 daAuts
Shoals:1: 1409 daAuts
Shoals:3: 1382 daAuts
Shoals:2: 1376 daAuts

Table legend:
 A = Non-vault XP
 B = Vault XP
 C = Vault XP percentage of total XP
 D = Non-vault monster count
 E = Vault monster count
 F = Vault count percentage of total count
                 A         B        C        D         E       F
            +---------+---------+-------+---------+---------+-------
      Total |  203562 |  108124 |  34.7 |     777 |     291 |  27.2
            +---------+---------+-------+---------+---------+-------
        D:1 |      65 |       6 |   8.5 |      27 |       4 |  12.9
        D:2 |     108 |       0 |   0.0 |      34 |       0 |   0.0
        D:3 |      22 |     722 |  97.0 |      11 |       6 |  35.3
        D:4 |     376 |     512 |  57.7 |      21 |      10 |  32.3
        D:5 |     452 |     485 |  51.8 |      10 |       3 |  23.1
        D:6 |     532 |     169 |  24.1 |      18 |       1 |   5.3
        D:7 |    1439 |       0 |   0.0 |      25 |       0 |   0.0
        D:8 |     971 |     503 |  34.1 |      27 |       1 |   3.6
        D:9 |    5264 |       0 |   0.0 |      46 |       0 |   0.0
       D:10 |    3390 |     733 |  17.8 |      15 |      24 |  61.5
       D:11 |    3300 |       0 |   0.0 |      16 |       0 |   0.0
       D:12 |    3155 |    1877 |  37.3 |      10 |       1 |   9.1
       D:13 |    8621 |    2799 |  24.5 |      32 |      11 |  25.6
       D:14 |    8683 |       0 |   0.0 |      22 |       0 |   0.0
       D:15 |   11211 |    4233 |  27.4 |      25 |       8 |  24.2
     Lair:1 |    8245 |       0 |   0.0 |      31 |       0 |   0.0
     Lair:2 |    7792 |    1814 |  18.9 |      27 |       3 |  10.0
     Lair:3 |    2857 |    2678 |  48.4 |      11 |       7 |  38.9
     Lair:4 |   15532 |     839 |   5.1 |      41 |       2 |   4.7
     Lair:5 |   10207 |   10897 |  51.6 |      35 |      23 |  39.7
   Shoals:1 |    9992 |    1422 |  12.5 |      20 |       1 |   4.8
   Shoals:2 |    5966 |       0 |   0.0 |      14 |       0 |   0.0
   Shoals:3 |   15989 |    5112 |  24.2 |      34 |       7 |  17.1
   Shoals:4 |     709 |    1185 |  62.6 |       1 |       4 |  80.0
    Snake:1 |   10649 |    3401 |  24.2 |      23 |       3 |  11.5
    Snake:2 |   15409 |    3953 |  20.4 |      37 |      11 |  22.9
    Snake:3 |   24998 |    6090 |  19.6 |      48 |       5 |   9.4
    Snake:4 |   19683 |   41994 |  68.1 |      39 |      57 |  59.4
      Orc:1 |    2247 |    2073 |  48.0 |      37 |       9 |  19.6
      Orc:2 |    4771 |   10919 |  69.6 |      35 |      79 |  69.3
    Abyss:2 |     927 |       0 |   0.0 |       5 |       0 |   0.0
   Gauntlet |       0 |    3708 | 100.0 |       0 |      11 | 100.0
            +---------+---------+-------+---------+---------+-------
